 Dungeon Crawl Stone Soup version 0.30-a0-948-g4fa250aae5 (webtiles) character file.

Game seed: 4143457062720196903

2 Iniera the Shield-Bearer (level 1, -4/11 HPs)
             Began as a Vine Stalker Fighter on Mar 27, 2023.
             Frozen to death by an endoplasm (5 damage)
             ... on level 1 of the Dungeon.
             The game lasted 00:00:19 (89 turns).

Iniera the Shield-Bearer (Vine Stalker Fighter)       Turns: 89, Time: 00:00:19

Health: -4/11      AC:  8    Str: 18    XL:     1   Next: 40%
Magic:  0/2        EV:  6    Int:  8    God:
Gold:   7          SH:  4    Dex: 13    Spells: 0/0 levels left

rFire   . . .      SeeInvis .      - Unarmed
rCold   . . .      Faith    .    b - +0 buckler
rNeg    . . .      Spirit   +    d - +0 chain mail
rPois   .          Reflect  .    (no helmet)
rElec   .          Rampage  .    (no cloak)
rCorr   .                        (no gloves)
Will    .....                    (no boots) Stlth
                                 (no amulet)
HPRegen 0.21/turn                (no ring)
MPRegen 0.08/turn                (no ring)

@: no status effects
A: fangs 2, magic shield, antimagic bite, no potion heal 2
a: no special abilities


You were on level 1 of the Dungeon.
You visited 1 branch of the dungeon, and saw 1 of its levels.

You collected 7 gold pieces.

Inventory:

Armour
 b - a +0 buckler (worn)
 d - a +0 chain mail (worn)
Scrolls
 a - a scroll of silence {unknown}
Potions
 c - a potion of might
 e - a potion of degeneration {unknown}


   Skills:
 - Level 2.6 Fighting
 - Level 2.4 Armour
 - Level 2.6 Shields
 * Level 2.2 Unarmed Combat


You couldn't memorise any spells.
You didn't know any spells.
Your spell library was empty.

Dungeon Overview and Level Annotations

Branches:
Dungeon (1/15)

Altars:


Innate Abilities, Weirdness & Mutations

You have extremely sharp teeth.
When hurt, damage is shared between your health and your magic reserves.
Your bite disrupts and absorbs the magic of your enemies.
Potions cannot restore your health.


Message History

You finish taking off your +0 scale mail.
You start putting on your armour.
You continue putting on your +0 chain mail. x5
You finish putting on your +0 chain mail.
You drop a +0 scale mail.
You see here a +0 club.
a - a scroll labelled ENNIYF DIQUUMA You see here a +0 war axe.
You now have 7 gold pieces.
e - a metallic blue potion An endoplasm comes into view.
The endoplasm quivers.
You see here a black potion.
An endoplasm is nearby!
Found 17 gold pieces and a stone.
The endoplasm freezes you.
You are frozen.
You barely miss the endoplasm. Your bite misses the endoplasm.
You block the endoplasm's attack. The endoplasm freezes you.
You are frozen.
You are too injured to fight recklessly!
You are too injured to fight recklessly!
An endoplasm is nearby!
An endoplasm is nearby!
You are too injured to fight recklessly!
You barely miss the endoplasm. You bite the endoplasm. You drain its power.
The endoplasm is moderately wounded.
You block the endoplasm's attack.
You hit the endoplasm but do no damage.
You bite the endoplasm, but do no damage.
The endoplasm is moderately wounded.
The endoplasm freezes you.
You are frozen.
* * * LOW HITPOINT WARNING * * *
You hit the endoplasm but do no damage.
The endoplasm is moderately wounded.
The endoplasm freezes you.
You are frozen.
You die...

.....#).........
.....#..........
.....#.)........
.....#..........
.....##.########
#######....#..#
####.#..#
#######.#..##########
...........!.@J.....$
....###.#...##.......
!. #.##..# .......
#.....# .(.....
#####.# ....... #.#
....... #.# .......
#.# .......


You could see an endoplasm.

Vanquished Creatures
  A quokka (D:1)
  A ball python (D:1)
  A goblin (D:1)
3 creatures vanquished.

Notes
Turn   | Place    | Note
-------+----------+-------------------------------------------
     0 | D:1      | Iniera the Vine Stalker Fighter began the quest for the
                  | Orb.
     0 | D:1      | Reached XP level 1. HP: 11/11 MP: 2/2
    89 | D:1      | Frozen to death by an endoplasm

Illustrated notes

Levels and vault maps discovered:
D:1:      lightli_arrival_flooded_house, layout_basic, minmay_lizard_pond

Action                     || total
---------------------------++-------
  Melee: Unarmed           ||    10
         Bite              ||     3
  Dodge: Dodged            ||     2
  Block: Buckler           ||     4

Table legend: (Time is in decaauts)
 A = Elapsed time spent in this place.
 B = Non-inter-level travel time spent in this place.
 C = Inter-level travel time spent in this place.
 D = Time resting spent in this place.
 E = Time spent auto-exploring this place.
 F = Levels seen in this place.
 G = Mean time per level.
                   A        B        C        D        E       F      G
               +--------+--------+--------+--------+--------+-----+--------+
         Total |     89 |     89 |      0 |      0 |     51 |   1 |   89.0 |
       Dungeon |     89 |     89 |      0 |      0 |     51 |   1 |   89.0 |
               +--------+--------+--------+--------+--------+-----+--------+

Top non-repeatable levels by time:
     D:1: 89 daAuts
